 Dungeon Crawl Stone Soup version 0.21.1-1-g345015fe64 (webtiles) character file.

9311 Qlak the Cleaver (level 11, -9/104 HPs)
             Began as a Troll Earth Elementalist on May 19, 2018.
             Was a Believer of Qazlal.
             Mangled by a five-headed hydra (14 damage)
             ... on level 10 of the Dungeon on May 26, 2018.
             The game lasted 04:39:11 (12625 turns).

Qlak the Cleaver (Troll Earth Elementalist)        Turns: 12625, Time: 04:39:16

Health: -9/104     AC:  8    Str: 26    XL:     11   Next: 21%
Magic:  4/14       EV: 13    Int: 11    God:    Qazlal [**....]
Gold:   277        SH:  3    Dex: 13    Spells: 4/15 levels left

rFire    . . .     SeeInvis .   r - +2 hand axe (drain)
rCold    + . .     Gourm    +   (no shield)
rNeg     . . .     Faith    .   F - +0 robe
rPois    +         Spirit   .   (helmet restricted)
rElec    .         Reflect  .   M - +2 cloak
rCorr    .         Harm     .   (gloves unavailable)
MR       .....                  (boots unavailable)
Stlth    ++........             N - amulet of rage
HPRegen  0.67/turn              E - +3 ring of dexterity
MPRegen  0.14/turn              i - ring of poison resistance

@: mighty
A: large, unfitting armour, claws 3, fangs 1, camouflage 1, blink, cold
resistance 1, fast metabolism 3, gourmand, regeneration 1, shaggy fur 1, tough
skin 2, evolution 1
a: Blink, Upheaval, Renounce Religion, Evoke Berserk Rage


You were on level 10 of the Dungeon.
You worshipped Qazlal.
Qazlal was pleased with you.
You were very full.

You visited 3 branches of the dungeon, and saw 13 of its levels.

You collected 585 gold pieces.
You spent 308 gold pieces at shops.

Inventory:

Hand Weapons
 f - a +3 quarterstaff of chaos
 k - a +1 flail of protection
 r - a +2 hand axe of draining (weapon)
 s - a +0 hunting sling
 J - a +6 rapier of venom
 R - a +2 hand axe
 X - a +0 dagger
Missiles
 b - 84 stones (quivered)
Armour
 o - a +0 ring mail
 F - a +0 robe (worn)
 M - a +2 cloak (worn)
 O - a +3 ring mail of positive energy
 S - a cursed +0 robe
Jewellery
 g - an uncursed ring of fire
 i - a ring of poison resistance (right claw)
 l - an uncursed ring of positive energy
 E - a +3 ring of dexterity (left claw)
 N - an amulet of rage (around neck)
 Q - an uncursed ring of wizardry
Wands
 p - a wand of polymorph (16)
 P - a wand of iceblast (7)
Scrolls
 j - a scroll of random uselessness {unknown}
 m - 4 scrolls of teleportation
 n - 2 scrolls of amnesia
 y - a scroll of fear {unknown}
 B - a scroll of blinking
 D - a scroll of remove curse {unknown}
 G - a scroll of magic mapping {unknown}
 L - 2 scrolls of holy word {unknown}
 T - 3 scrolls of identify
 V - a scroll of fog {unknown}
 Y - a scroll of enchant armour {unknown}
Potions
 a - a potion of mutation
 c - a potion of haste {unknown}
 h - a potion of agility {unknown}
 t - 3 potions of degeneration
 u - 2 potions of berserk rage
 v - a potion of ambrosia {unknown}
 w - 3 potions of brilliance
 x - a potion of cancellation
 A - 3 potions of flight
 C - 3 potions of might
 H - a potion of experience {unknown}
 I - 3 potions of heal wounds {unknown}
Books
 e - a book of Geomancy

   Spells                             Type                      Level
   a - Sandblast                      Earth                        1
   b - Passwall                       Transmutation/Earth          2
   c - Stone Arrow                    Conjuration/Earth            3
   d - Petrify                        Transmutation/Earth          4
   e - Lee's Rapid Deconstruction     Earth                        5
 z - a book of Misfortune

   Spells                             Type                      Level
   a - Confusing Touch                Hexes                        1
   b - Confuse                        Hexes                        3
   c - Gell's Gravitas                Translocation                3
   d - Petrify                        Transmutation/Earth          4
   e - Metabolic Englaciation         Hexes/Ice                    5
   f - Yara's Violent Unravelling     Hexes/Transmutation          5
 K - a book of Maledictions

   Spells                             Type                      Level
   a - Corona                         Hexes                        1
   b - Ensorcelled Hibernation        Hexes/Ice                    2
   c - Confuse                        Hexes                        3
   d - Tukima's Dance                 Hexes                        3
   e - Dazzling Spray                 Conjuration/Hexes            3
 W - a book of Callings

   Spells                             Type                      Level
   a - Summon Small Mammal            Summoning                    1
   b - Call Imp                       Summoning                    2
   c - Call Canine Familiar           Summoning                    3
   d - Summon Guardian Golem          Hexes/Summoning              3
   e - Summon Lightning Spire         Summoning/Air                4
   f - Summon Ice Beast               Ice/Summoning                4
Miscellaneous
 U - a box of beasts
Comestibles
 d - 20 rations


   Skills:
 * Level 5.3 Fighting
 * Level 9.3 Axes
 - Level 0.1 Staves
 - Level 0.1 Throwing
 * Level 6.1 Dodging
 - Level 1.0 Stealth
 - Level 2.9 Spellcasting
 * Level 0.6 Summonings
 - Level 1.0 Transmutations
 - Level 6.4 Earth Magic
 * Level 5.1 Invocations


You had 4 spell levels left.
You knew the following spells:

 Your Spells              Type           Power        Failure   Level  Hunger
a - Sandblast             Erth           ###...       1%          1    #......
b - Stone Arrow           Conj/Erth      #.....       22%         3    ###....
c - Passwall              Tmut/Erth      #.........   9%          2    ###....
d - Petrify               Tmut/Erth      #.......     50%         4    #####..
e - Summon Small Mammal   Summ           #...         21%         1    #......


Dungeon Overview and Level Annotations

Branches:
Dungeon (11/15)            Temple (1/1) D:4            Lair (1/6) D:10
    Orc (0/2) D:11

Altars:
Ashenzari
Cheibriados
Dithmenos
Elyvilon
Fedhas
Gozag
Hepliaklqana
Kikubaaqudgha
Makhleb
Nemelex Xobeh
Okawaru
Qazlal
Ru
Sif Muna
Trog
Uskayaw
Vehumet
Wu Jian
Xom
Yredelemnul
Zin
The Shining One

Shops:
D:4 *   D:9 *

Annotations:
D:6 Tali's ghost, novice MiFi


Innate Abilities, Weirdness & Mutations

You are too large for most types of armour.
You have claws for hands.
Your metabolism is lightning-fast.
You like to eat raw meat.
Your natural rate of healing is unusually fast.
You are covered in fur. (AC +1)
You have very tough skin. (AC +2)
You have very sharp teeth.
Your skin changes colour to match your surroundings (Stealth+).
You can translocate small distances at will.
Your flesh is cold resistant. (rC+)
You evolve.


Message History

* * * LOW HITPOINT WARNING * * *
You block the five-headed hydra's attack.
The five-headed hydra misses you.
The five-headed hydra bites you but does no damage.
The five-headed hydra bites you!
* * * LOW HITPOINT WARNING * * *
The five-headed hydra misses you. The five-headed hydra bites you!
* * * LOW HITPOINT WARNING * * *
There is a stone staircase leading down, spattered with blood here.
Casting: Summon Small Mammal
Confirm with . or Enter, or press ? or * to list all spells.
Which direction?
The five-headed hydra barely misses you.
The five-headed hydra bites you but does no damage.
The five-headed hydra bites you.
* * * LOW HITPOINT WARNING * * *
The five-headed hydra closely misses you. x2
You begin to meditate on the wall.
You continue meditating on the rock.
The five-headed hydra bites you!
You die...

......##.........##...#
....#.##########.##.###
###.#..........#.##.#
#.##########.#.##.# #.#
##.#.##.# ###.#
#..#.##.# ..#.#
#.##.##.#
#.#.#########.##D##.#
................@##.#
###.#########.#####.#
....# #..........(#.#
##### #.#####.###.#.#
#.# #.....#?#.# #.#
#.#.#.#(#.# #.#
#...#.#(#.#
#.#######.#.#.#
#######.........#.#.#


You could see a five-headed hydra.

Vanquished Creatures
  An ugly thing (D:11)
  A wolf spider (D:10)
  A gargoyle (D:10)
  A komodo dragon (D:10)
  A hornet (D:10)
  A polar bear (D:8)
  Prince Ribbit (D:9)
  A hippogriff (D:7)
  A spriggan (D:7)
  9 yaks (D:9)
  A wyvern (D:9)
  A wraith (D:10)
  A fire bat (D:5)
  A hungry ghost (D:9)
  Duvessa (D:4)
  A sky beast (D:5)
  3 ice beasts (D:7)
  An orc warrior (D:11)
  8 ogres
  2 phantoms
  3 centaurs
  A necrophage (D:10)
  3 big kobolds
  The ghost of yann the Sneak, an amateur OpWz (D:4)
  Blork the orc (D:6)
  The ghost of Gitz the Firebug, an amateur DEFE (D:3)
  A gnoll sergeant (D:11)
  Dowan (D:4)
  9 bullfrogs
  3 scorpions
  5 killer bees (D:10)
  5 wights (D:9)
  4 howler monkeys
  5 crimson imps
  A bullfrog zombie (D:5)
  A centaur zombie (D:6)
  8 orc priests
  2 jellies
  4 bullfrog skeletons
  5 hounds
  Crazy Yiuf (D:4)
  5 orc wizards
  Jessica (D:2)
  Ijyb (D:2)
  3 iguanas
  6 worker ants
  Natasha (thrice) (D:2)
  2 howler monkey zombies
  2 worker ant zombies
  9 adders
  5 gnolls
  2 shadow imps
  An ooze (D:3)
  An adder skeleton (D:8)
  A worm (D:5)
  2 dart slugs
  3 leopard geckos
  36 orcs
  6 bats
  7 giant cockroaches
  12 goblins
  9 hobgoblins
  12 jackals
  18 kobolds
  5 quokkas
  6 frilled lizards
  A jackal skeleton (D:6)
  A quokka skeleton (D:5)
  10 rats
273 creatures vanquished.

Notes
Turn   | Place    | Note
-------+----------+-------------------------------------------
     0 | D:1      | Qlak the Troll Earth Elementalist began the quest for the Orb.
     0 | D:1      | Reached XP level 1. HP: 16/16 MP: 1/1
   365 | D:1      | Reached XP level 2. HP: 21/24 MP: 2/2
  1202 | D:2      | Reached XP level 3. HP: 26/31 MP: 2/4
  1595 | D:2      | Noticed Natasha
  1596 | D:2      | Found a stormy altar of Qazlal.
  1601 | D:2      | Killed Natasha
  1601 | D:2      | Reached XP level 4. HP: 34/39 MP: 5/5
  1719 | D:2      | Became a worshipper of Qazlal Stormbringer
  1791 | D:2      | You fall through a shaft!
  1870 | D:2      | Noticed Jessica
  1880 | D:2      | Killed Jessica
  2090 | D:2      | Noticed Ijyb
  2110 | D:2      | Killed Ijyb
  2110 | D:2      | Reached skill level 1 in Axes
  2110 | D:2      | Reached XP level 5. HP: 46/46 MP: 7/7
  2265 | D:2      | Noticed Natasha
  2270 | D:2      | Killed Natasha
  2303 | D:2      | Noticed Natasha
  2306 | D:2      | Killed Natasha
  2402 | D:3      | Reached * piety under Qazlal
  2441 | D:3      | Learned a level 3 spell: Stone Arrow
  2450 | D:3      | Noticed Gitz's ghost (amateur DEFE)
  2460 | D:3      | Killed Gitz's ghost
  2460 | D:3      | Reached skill level 1 in Fighting
  2460 | D:3      | Reached XP level 6. HP: 40/55 MP: 2/8
  2586 | D:3      | Reached skill level 2 in Axes
  3384 | D:4      | Found a runed door.
  3388 | D:4      | Noticed Crazy Yiuf
  3391 | D:4      | Paralysed by Crazy Yiuf for 7 turns
  3405 | D:4      | Killed Crazy Yiuf
  3541 | D:4      | Noticed yann's ghost (amateur OpWz)
  3554 | D:4      | Killed yann's ghost
  3554 | D:4      | Reached XP level 7. HP: 49/62 MP: 2/9
  3656 | D:4      | Found Otodwuri's General Store.
  3746 | D:4      | Reached skill level 5 in Earth Magic
  3779 | D:4      | Found a staircase to the Ecumenical Temple.
  3816 | Temple   | Entered the Ecumenical Temple
  4096 | D:4      | Reached ** piety under Qazlal
  4105 | D:4      | Learned a level 2 spell: Passwall
  4236 | D:4      | Reached skill level 3 in Axes
  4237 | D:4      | Noticed Duvessa
  4256 | D:4      | Noticed Dowan
  4267 | D:4      | Killed Duvessa
  4267 | D:4      | Reached skill level 1 in Invocations
  4536 | D:4      | Killed Dowan
  5024 | D:5      | Entered Level 5 of the Dungeon
  5070 | D:5      | Noticed Eustachio
  5071 | D:5      | Noticed Eustachio
  5071 | D:5      | Eustachio changed into Eustachio the fire bat
  5074 | D:5      | Killed Eustachio the fire bat
  5074 | D:5      | Reached skill level 4 in Axes
  5074 | D:5      | Reached XP level 8. HP: 66/72 MP: 7/11
  5955 | D:5      | You fall through a shaft!
  5958 | D:6      | Reached skill level 5 in Axes
  5963 | D:6      | Reached skill level 1 in Transmutations
  6157 | D:6      | Found an opulent altar of Gozag.
  6378 | D:5      | Learned a level 4 spell: Petrify
  6874 | D:6      | Noticed Blork the orc
  6886 | D:6      | Killed Blork the orc
  6886 | D:6      | Reached XP level 9. HP: 72/80 MP: 9/12
  6896 | D:6      | Noticed Tali's ghost (novice MiFi)
  6908 | D:6      | Gained mutation: You are clumsy. (Dex -2) [potion of mutation]
  6908 | D:6      | Gained mutation: Your body sometimes deteriorates upon taking damage. [potion of mutation]
  6908 | D:6      | Gained mutation: You have very sharp teeth. [potion of mutation]
  6908 | D:6      | Gained mutation: Your muscles are strong. (Str +2) [potion of mutation]
  7596 | D:6      | Reached skill level 6 in Axes
  7904 | D:7      | Lost mutation: You are clumsy. (Dex -2) [potion of mutation]
  7904 | D:7      | Lost mutation: Your muscles are strong. (Str +2) [potion of mutation]
  7904 | D:7      | Lost mutation: Your body sometimes deteriorates upon taking damage. [potion of mutation]
  7904 | D:7      | Gained mutation: Potions are less effective at restoring your health. [potion of mutation]
  7904 | D:7      | Gained mutation: You evolve. [potion of mutation]
  7904 | D:7      | Gained mutation: Your skin changes colour to match your surroundings (Stealth+). [potion of mutation]
  7904 | D:7      | Gained mutation: You can translocate small distances at will. [potion of mutation]
  8224 | D:7      | Found an opulent altar of Gozag.
  8411 | D:7      | Found an iron altar of Okawaru.
  8673 | D:8      | Reached skill level 7 in Axes
  8807 | D:8      | Noticed Joseph
  8808 | D:8      | Noticed Joseph
  8808 | D:8      | Joseph changed into Joseph the polar bear
  8829 | D:8      | Killed Joseph the polar bear
  9149 | D:9      | Reached XP level 10. HP: 92/92 MP: 10/13
  9467 | D:9      | Found Fulofiv's General Store.
  9474 | D:9      | Bought a scroll of identify for 28 gold pieces
  9474 | D:9      | Bought a box of beasts for 280 gold pieces
  9622 | D:9      | Reached skill level 5 in Dodging
  9634 | D:9      | Reached skill level 8 in Axes
  9714 | D:9      | Noticed Prince Ribbit
  9726 | D:9      | Killed Prince Ribbit
  9971 | D:9      | Lost mutation: Potions are less effective at restoring your health. [evolution]
 10302 | D:9      | Reached *** piety under Qazlal
 10479 | D:10     | Entered Level 10 of the Dungeon
 10638 | D:10     | Found a staircase to the Lair.
 11155 | D:10     | Noticed a two-headed ogre
 11156 | D:10     | Noticed a wolf spider
 11156 | D:10     | a two-headed ogre changed into a wolf spider
 11164 | D:10     | Killed a wolf spider
 11283 | D:10     | Reached skill level 5 in Fighting
 11290 | D:10     | Reached skill level 9 in Axes
 11323 | D:10     | Gained mutation: Your flesh is cold resistant. (rC+) [evolution]
 11358 | D:10     | Reached XP level 11. HP: 100/102 MP: 12/14
 11840 | D:10     | Learned a level 1 spell: Summon Small Mammal
 12112 | Lair:1   | Entered Level 1 of the Lair of Beasts
 12132 | Lair:1   | Noticed a five-headed hydra
 12169 | D:10     | Reached skill level 5 in Invocations
 12420 | D:11     | Noticed a purple ugly thing
 12430 | D:11     | Killed a purple ugly thing
 12584 | D:11     | Found a staircase to the Orcish Mines.
 12624 | D:10     | HP: 5/104 [five-headed hydra (6)]
 12625 | D:10     | Mangled by a five-headed hydra

Skill      XL: |  1  2  3  4  5  6  7  8  9 10 11 |
---------------+----------------------------------+-----
Earth Magic    | 3 4 5 6 |  6.4
Spellcasting   | 2 |  2.9
Axes           | 1 2 4 5 7 9 |  9.3
Dodging        | 2 3 4 5 6 |  6.1
Fighting       | 1 2 3 5 |  5.3
Invocations    | 1 3 4 5 |  5.1
Transmutations | 1 |  1.0
Staves         | |  0.1
Throwing       | |  0.1
Stealth        | |  1.0
Summonings     | |  0.6

Action                   |  1- 3 |  4- 6 |  7- 9 | 10-12 || total
-------------------------+-------+-------+-------+-------++-------
Melee: Whip              |    10 |       |       |       ||    10
       Hand axe          |    38 |   145 |   372 |   314 ||   869
       Unarmed           |     1 |       |       |       ||     1
       Quarterstaff      |       |       |     4 |       ||     4
       Bite              |       |       |    22 |    38 ||    60
Throw: Tomahawk          |       |       |     3 |       ||     3
       Stone             |       |       |     1 |     6 ||     7
 Cast: Sandblast         |    11 |    44 |    71 |    31 ||   157
       Stone Arrow       |       |     4 |     7 |     3 ||    14
       Passwall          |       |       |     3 |     6 ||     9
       Petrify           |       |       |     1 |       ||     1
       Summon Small Mamm |       |       |       |     5 ||     5
Invok: Upheaval          |       |       |     9 |     6 ||    15
       Elemental Force   |       |       |       |     2 ||     2
 Abil: Blink             |       |       |       |     1 ||     1
Evoke: Wand              |       |       |     5 |     5 ||    10
  Use: Scroll            |       |     4 |     5 |     3 ||    12
       Potion            |       |     4 |     4 |     3 ||    11
 Stab: Petrified         |       |       |     3 |       ||     3
  Eat: Chunk             |    19 |    22 |    50 |    36 ||   127
       Ration            |       |       |       |     1 ||     1
Armor: Robe              |    11 |    51 |    99 |    68 ||   229
       Skin              |       |    19 |       |       ||    19
Dodge: Dodged            |    23 |    81 |   179 |   179 ||   462
Block: Other             |       |     2 |    28 |    42 ||    72
